 Dungeon Crawl Stone Soup version 0.28-a0-1206-g193881aaa2 (webtiles) character file.

Game seed: 518106620748137555

18 bearlyready the Chopper (level 2, 0/26 HPs)
             Began as a Hill Orc Delver on Dec 20, 2021.
             Slain by a scorpion (1 damage)
             ... on level 5 of the Dungeon.
             The game lasted 00:01:48 (447 turns).

bearlyready the Chopper (Hill Orc Delver)            Turns: 447, Time: 00:01:49

Health: 0/26       AC:  3    Str: 14    XL:     2   Next: 70%
Magic:  2/2        EV: 11    Int: 10    God:
Gold:   0          SH:  0    Dex: 12    Spells: 1/1 levels left

rFire   . . .      SeeInvis .   a - +0 hand axe
rCold   . . .      Faith    .   (no shield)
rNeg    . . .      Spirit   .   b - +0 leather armour
rPois   .          Reflect  .   (no helmet)
rElec   .          Harm     .   (no cloak)
rCorr   .          Rampage  .   (no gloves)
Will    .....                   (no boots)
Stlth   ++........              (no amulet)
HPRegen 0.08/turn               (no ring)
MPRegen 0.08/turn               (no ring)

@: weak-willed, hasted (expiring), very quick
A: no striking features
a: no special abilities


You were on level 5 of the Dungeon.
You visited 1 branch of the dungeon, and saw 1 of its levels.

Inventory:

Hand Weapons
 a - a +0 hand axe (weapon)
 h - a +0 hunting sling
Armour
 b - a +0 leather armour (worn)
Wands
 g - a wand of digging (3)
Scrolls
 c - a scroll of fog
 d - a scroll of magic mapping


   Skills:
 - Level 3.6 Fighting
 + Level 4.3 Axes
 - Level 1.5 Dodging
 - Level 4.1 Stealth


You had one spell level left.
You didn't know any spells.
Your spell library was empty.

Dungeon Overview and Level Annotations

Branches:
Dungeon (5/15)
 Temple: D:4-7

Altars:

Annotations:
D:5 Ijyb


Message History

As you read the scroll labelled YFAFUKHLUDEC, it crumbles to dust.
Magic quickly surges around you.
It was a scroll of vulnerability.
The gnoll shaman invokes the aid of its god against you.
You are outlined in light.
Okay, then.
Okay, then.
You feel yourself speed up.
You are no longer glowing.
Found a scroll labelled ZOHAOM AHIOHO.
Found 22 arrows.
The ufetubus shouts!
A killer bee zombie comes into view.
A howler monkey comes into view.
The howler monkey howls!
The howler monkey hoots and howls with incredible vigour!
The ufetubus hits you. The ufetubus closely misses you.
The ufetubus hits you. x2
The ufetubus hits you. x2
A water moccasin skeleton comes into view.
You hit the howler monkey.
The howler monkey is lightly wounded.
You miss the ufetubus. You closely miss the killer bee zombie.
The killer bee zombie closely misses you.
The ufetubus hits you. x2; The howler monkey barely misses you.
Found a scroll labelled KUWKIMMEVO.
The killer bee zombie closely misses you.
Found 18 gold pieces.
Your extra speed is starting to run out.
The ufetubus hits you. x2
* * * LOW HITPOINT WARNING * * *
The ufetubus closely misses you. The ufetubus barely misses you.
The water moccasin skeleton bites you.
* * * LOW HITPOINT WARNING * * *
The ufetubus hits you but does no damage.
The ufetubus hits you.
* * * LOW HITPOINT WARNING * * *
The water moccasin skeleton bites you.
* * * LOW HITPOINT WARNING * * *
The scorpion stings you.
You die...

##### ######## #####
$....###..Z...#
....###.#.......@5.h#.#
###.##....#......s#...#
#.##......#...#.Z...#
###.#.......(.#.......#
#.............#.......#
..#.#.......#...#......#
###.##....#g......#....#
#.##..#...g......?#..#
#.##......?..........#


You could see a gnoll shaman (weak-willed), a scorpion, a howler monkey, an
ufetubus, a killer bee zombie and a water moccasin skeleton.

Vanquished Creatures
  2 adders (D:5)
2 creatures vanquished.

Notes
Turn   | Place    | Note
-------+----------+-------------------------------------------
     0 | D:5      | bearlyready the Hill Orc Delver began the quest for the
                  | Orb.
     0 | D:5      | Reached XP level 1. HP: 19/19 MP: 1/1
     1 | D:5      | Noticed Ijyb
     1 | D:5      | Noticed a hound
    57 | D:5      | Noticed a scorpion
    78 | D:5      | Reached XP level 2. HP: 14/26 MP: 2/2
   344 | D:5      | Noticed a scorpion
   390 | D:5      | Noticed a necrophage
   427 | D:5      | Noticed a howler monkey
   445 | D:5      | HP: 1/26 [water moccasin skeleton (2)]
   447 | D:5      | Slain by a scorpion

Illustrated notes

Levels and vault maps discovered:
D:5:      layout_loops_ring, gammafunk_temple_overflow_elements, serial_shops,
          nicolae_square_shop, minmay_misc_feat_more_columns,
          kennysheep_generic_room_6, uniq_ijyb

Skill      XL: |  1  2 |
---------------+-------+-----
Axes           | 3 4 |  4.3
Fighting       | |  3.6
Dodging        | |  1.5
Stealth        | |  4.1

Action                   || total
-------------------------++-------
Melee: Hand axe          ||    17
  Use: Scroll            ||     2
       Potion            ||     1
 Stab: Sleeping          ||     1
Armor: Leather armour    ||     3
Dodge: Dodged            ||    22

Table legend: (Time is in decaauts)
 A = Elapsed time spent in this place.
 B = Non-inter-level travel time spent in this place.
 C = Inter-level travel time spent in this place.
 D = Time resting spent in this place.
 E = Time spent auto-exploring this place.
 F = Levels seen in this place.
 G = Mean time per level.
                   A        B        C        D        E       F      G
               +--------+--------+--------+--------+--------+-----+--------+
         Total |    437 |    437 |      0 |    232 |     13 |   1 |  437.0 |
       Dungeon |    437 |    437 |      0 |    232 |     13 |   1 |  437.0 |
               +--------+--------+--------+--------+--------+-----+--------+

Top non-repeatable levels by time:
     D:5: 437 daAuts
